[Event "Titled Tuesday Blitz August 02 Late 2022"]
[White "Grischuk, Alexander"]
[Black "Rasulov, Vugar"]
[WhiteFideId "4126025"]
[BlackFideId "13402390"]
[WhiteElo "2762"]
[BlackElo "2523"]
[Result "1-0"]
[Round "04"]
[TimeControl "180+1"]
[Date "2022.08.02"]
[WhiteClock "0:00:10"]
[BlackClock "0:00:34"]

1. d4 d5 2. c4 c6 3. Nf3 Nf6 4. Nc3 e6 5. Bg5 h6 6. Bh4 dxc4 7. e4 b5 8. e5 g5 9. Nxg5 Nd5 10. Nxf7 Qxh4 11. Nxh8 Bb4 12. Qd2 c5 13. dxc5 Nd7 14. Be2 Bb7 15. O-O Nf4 16. Bh5+ Nxh5 17. Qxh6 O-O-O 18. Nf7 Rg8 19. Nd6+ Kb8 20. Nxb7 Rxg2+ 21. Kxg2 Nf4+ 22. Qxf4 Qxf4 23. Nd6 Nxe5 24. f3 Bxc5 25. Nde4 Nd3 26. Nxc5 Nxc5 27. Nxb5 Nd3 28. Nc3 Kc7 29. Ne4 1-0


[Site "https://www.chess.com"]

[Event "Titled Tuesday Blitz August 02 Late 2022"]
[White "Gubajdullin, Alexei"]
[Black "Livaic, Leon"]
[WhiteFideId "4141202"]
[BlackFideId "14531534"]
[WhiteElo "2190"]
[BlackElo "2540"]
[Result "0-1"]
[Round "04"]
[TimeControl "180+1"]
[Date "2022.08.02"]
[WhiteClock "0:00:41"]
[BlackClock "0:01:32"]

1. Nf3 d5 2. d4 Nf6 3. Bf4 Bf5 4. e3 e6 5. c4 Bxb1 6. Qxb1 Bb4+ 7. Kd1 Bd6 8. Bxd6 Qxd6 9. c5 Qe7 10. Bd3 Nc6 11. b4 e5 12. b5 e4 13. bxc6 bxc6 14. Qb7 O-O 15. Ne5 exd3 16. f3 Rab8 17. Qxc6 Rb2 18. Qa6 Nd7 19. Nxd3 Rxg2 20. Nf4 Rf2 21. Nxd5 Qg5 22. Nf4 Nxc5 23. dxc5 Qe5 24. Ke1 Qxe3+ 25. Ne2 Re8 0-1


[Site "https://www.chess.com"]

[Event "Titled Tuesday Blitz August 02 Late 2022"]
[White "Holt, Conrad"]
[Black "Jaferian, Koosha"]
[WhiteFideId "2034387"]
[BlackFideId "12507440"]
[WhiteElo "2586"]
[BlackElo "2030"]
[Result "1-0"]
[Round "04"]
[TimeControl "180+1"]
[Date "2022.08.02"]
[WhiteClock "0:01:30"]
[BlackClock "0:00:35"]

1. d4 Nf6 2. c4 e6 3. Nc3 Bb4 4. Qc2 O-O 5. e4 d5 6. e5 Ne4 7. Bd3 c5 8. Nf3 cxd4 9. Nxd4 Nd7 10. Bf4 Qh4 11. g3 Qh5 12. f3 Nxc3 13. bxc3 Bc5 14. g4 Qh3 15. O-O-O Bxd4 16. cxd4 dxc4 17. Be4 Nb6 18. Rdg1 Nd5 19. Bg5 Nb4 20. Qxc4 Bd7 21. Qxb4 Rac8+ 22. Kd2 a5 23. Qb1 1-0


[Site "https://www.chess.com"]

[Event "Titled Tuesday Blitz August 02 Late 2022"]
[White "Ibarra Jerez, Jose Carlos"]
[Black "Fernandez, Fernando"]
[WhiteFideId "2226332"]
[BlackFideId "3802299"]
[WhiteElo "2628"]
[BlackElo "2292"]
[Result "1-0"]
[Round "04"]
[TimeControl "180+1"]
[Date "2022.08.02"]
[WhiteClock "0:01:10"]
[BlackClock "0:00:01"]

1. d4 d5 2. Bf4 Nf6 3. e3 e6 4. Nd2 Bd6 5. Ngf3 O-O 6. Bd3 b6 7. Ne5 c5 8. c3 Ba6 9. Bb1 Bxe5 10. dxe5 Nfd7 11. Qh5 g6 12. Qh6 Qe7 13. Nf3 f6 14. exf6 Nxf6 15. Qh4 Nbd7 16. Ne5 Nxe5 17. Bxe5 Rae8 18. Bc2 Bb5 19. O-O-O Rf7 20. f3 Nd7 21. Qxe7 Rfxe7 22. Bd6 Rf7 23. e4 Nf6 24. exd5 exd5 25. Rhe1 Rd7 26. Rxe8+ Nxe8 27. Be5 Kf7 28. f4 Nf6 29. b3 Bc6 30. h3 Ne4 31. c4 Ke6 32. cxd5+ Rxd5 33. Re1 Ng3 34. Bb8+ Kd7 35. Bxa7 b5 36. Bb8 Nf5 37. Be5 Nd4 38. Bxd4 Rxd4 39. g3 c4 40. Rd1 1-0


[Site "https://www.chess.com"]

[Event "Titled Tuesday Blitz August 02 Late 2022"]
[White "Izoria, Zviad"]
[Black "Katz, Alexander"]
[WhiteFideId "13601733"]
[BlackFideId "2039796"]
[WhiteElo "2626"]
[BlackElo "2386"]
[Result "1-0"]
[Round "04"]
[TimeControl "180+1"]
[Date "2022.08.02"]
[WhiteClock "0:00:39"]
[BlackClock "0:00:04"]

1. Nf3 d5 2. d4 Nf6 3. c4 e6 4. Nc3 Bb4 5. e3 Nbd7 6. Bd2 O-O 7. Rc1 c5 8. cxd5 exd5 9. dxc5 Bxc5 10. Bd3 Re8 11. O-O a6 12. Ne2 Ba7 13. Bc3 Nc5 14. Bd4 Nxd3 15. Qxd3 Bxd4 16. Qxd4 Bg4 17. Qf4 Re4 18. Qc7 Bxf3 19. Qxd8+ Rxd8 20. gxf3 Rb4 21. b3 a5 22. Nd4 a4 23. a3 Rb6 24. b4 Nd7 25. f4 Rg6+ 26. Kh1 Nb6 27. Rc7 Nc4 28. Rxb7 Nxa3 29. Ra7 Nc4 30. Rxa4 h5 31. Rg1 Rb6 32. b5 Nd6 33. Ra6 Rdb8 34. Nc6 R8b7 35. Ne7+ Kh7 36. Nxd5 Rxa6 37. bxa6 Rb2 38. Ra1 Ne4 39. a7 Nxf2+ 40. Kg1 Nh3+ 41. Kf1 Rf2+ 42. Ke1 Rxh2 43. a8=Q 1-0


[Site "https://www.chess.com"]

[Event "Titled Tuesday Blitz August 02 Late 2022"]
[White "Kosteniuk, Alexandra"]
[Black "Kamsky, Gata"]
[WhiteFideId "4128125"]
[BlackFideId "2000024"]
[WhiteElo "2469"]
[BlackElo "2645"]
[Result "1/2-1/2"]
[Round "04"]
[TimeControl "180+1"]
[Date "2022.08.02"]
[WhiteClock "0:00:24"]
[BlackClock "0:00:26"]

1. e4 e5 2. Nf3 Nc6 3. Bc4 Nf6 4. d4 exd4 5. e5 d5 6. Bb5 Ne4 7. Nxd4 Bd7 8. Bxc6 bxc6 9. O-O Bc5 10. f3 Ng5 11. f4 Ne4 12. Be3 Bb6 13. Nd2 c5 14. N4b3 Nxd2 15. Qxd2 c4 16. Nc5 Bf5 17. b4 O-O 18. Bd4 a5 19. a3 Qh4 20. h3 axb4 21. axb4 Qg3 22. Rf3 Rxa1+ 23. Bxa1 Bxc5+ 24. bxc5 Qg6 25. Kh2 Be4 26. Rg3 Qe6 27. Bd4 Ra8 28. Qc1 h6 29. Qb2 c6 30. c3 Kh7 31. Qb7 Rg8 32. Qc7 Rc8 33. Qd6 Ra8 34. Qc7 Rc8 35. Qd6 Ra8 36. Qc7 Rc8 1/2-1/2


[Site "https://www.chess.com"]

[Event "Titled Tuesday Blitz August 02 Late 2022"]
[White "Krastev, Alexander"]
[Black "Vasquez Schroeder, Rodrigo"]
[WhiteFideId "12989983"]
[BlackFideId "3400042"]
[WhiteElo "2602"]
[BlackElo "2567"]
[Result "0-1"]
[Round "04"]
[TimeControl "180+1"]
[Date "2022.08.02"]
[WhiteClock "0:00:01"]
[BlackClock "0:01:17"]

1. e4 c5 2. Nc3 a6 3. Nge2 d6 4. g3 g6 5. Bg2 Bg7 6. d4 cxd4 7. Nxd4 Bd7 8. O-O Nc6 9. Be3 Nf6 10. h3 O-O 11. Qe2 Rc8 12. Rad1 Ne5 13. f4 Nc4 14. Bc1 Qb6 15. b3 e5 16. fxe5 Nxe5 17. Bb2 Nh5 18. Nd5 Qd8 19. Kh2 Nf6 20. c4 b5 21. cxb5 Nxd5 22. exd5 axb5 23. Nxb5 Bxb5 24. Qxb5 Rc2 25. Bd4 Rxa2 26. Rf2 Rxf2 27. Bxf2 Qf6 28. Bd4 h5 29. Rf1 Qe7 30. Qe2 Ng4+ 31. Qxg4 hxg4 32. Bg1 gxh3 33. Kxh3 Be5 34. Rf3 Kg7 35. Bf1 Rh8+ 36. Kg2 Qg5 37. Be3 Qg4 38. Kf2 Rh2+ 39. Bg2 Qe4 40. Kg1 Rxg2+ 41. Kxg2 f5 42. b4 Qxb4 43. Bf2 Qe4 44. Be1 g5 0-1


[Site "https://www.chess.com"]

[Event "Titled Tuesday Blitz August 02 Late 2022"]
[White "Maksimovic, Bojan"]
[Black "Janaszak, Dawid"]
[WhiteFideId "14408120"]
[BlackFideId "1119206"]
[WhiteElo "2453"]
[BlackElo "2199"]
[Result "1-0"]
[Round "04"]
[TimeControl "180+1"]
[Date "2022.08.02"]
[WhiteClock "0:00:48"]
[BlackClock "0:00:48"]

1. d4 e6 2. Nf3 f5 3. Bg5 Be7 4. h4 Nf6 5. Nc3 Ne4 6. Nxe4 fxe4 7. Bxe7 Qxe7 8. Ng5 e3 9. fxe3 O-O 10. Qd3 g6 11. O-O-O Nc6 12. c3 b5 13. g3 a5 14. Bg2 Bb7 15. Qxb5 Rab8 16. Rhf1 Nxd4 17. Rxf8+ Qxf8 18. Qxd7 Nxe2+ 19. Kc2 Qf5+ 20. e4 Qf2 21. Qxh7+ Kf8 22. Nxe6+ Ke8 23. Qd7# 1-0


[Site "https://www.chess.com"]

[Event "Titled Tuesday Blitz August 02 Late 2022"]
[White "Maltsevskaya, Aleksandra"]
[Black "Xiong, Jeffery"]
[WhiteFideId "24174041"]
[BlackFideId "2047640"]
[WhiteElo "2243"]
[BlackElo "2714"]
[Result "1-0"]
[Round "04"]
[TimeControl "180+1"]
[Date "2022.08.02"]
[WhiteClock "0:00:01"]
[BlackClock "0:00:04"]

1. e4 c6 2. d4 d5 3. e5 Bf5 4. c4 e6 5. h4 h5 6. Nc3 Ne7 7. Nge2 Bg4 8. Qb3 Bxe2 9. Bxe2 Qb6 10. Qd1 Nf5 11. c5 Qb4 12. Be3 Qxb2 13. Rc1 b6 14. O-O Nd7 15. Bd3 Nxh4 16. Na4 Qa3 17. cxb6 axb6 18. Rxc6 Be7 19. Nxb6 Nxb6 20. Rxb6 g6 21. Rb7 Nf5 22. Bxf5 gxf5 23. Qc1 O-O 24. Qd1 Rfb8 25. Rxb8+ Rxb8 26. Qxh5 Qxa2 27. Kh2 Qa7 28. Rh1 Rb3 29. Kg3 Bf6 30. exf6 Rxe3+ 31. fxe3 Qxd4 32. Qh8# 1-0


[Site "https://www.chess.com"]

[Event "Titled Tuesday Blitz August 02 Late 2022"]
[White "Martinez Alcantara, Jose Eduardo"]
[Black "Sjugirov, Sanan"]
[WhiteFideId "3805662"]
[BlackFideId "4189302"]
[WhiteElo "2703"]
[BlackElo "2609"]
[Result "1-0"]
[Round "04"]
[TimeControl "180+1"]
[Date "2022.08.02"]
[WhiteClock "0:00:22"]
[BlackClock "0:00:01"]

1. e4 c5 2. Nf3 e6 3. c3 Nf6 4. Bd3 d5 5. e5 Nfd7 6. Bb5 Qb6 7. Ba4 Nc6 8. d4 cxd4 9. cxd4 Bb4+ 10. Nc3 Qa6 11. Bc2 Be7 12. Ne2 Qa5+ 13. Bd2 Qb6 14. O-O h6 15. Rb1 a5 16. a3 Qa6 17. b4 axb4 18. axb4 b5 19. Nc1 Nb6 20. Nd3 Nc4 21. Bc1 Qb6 22. Nc5 Bxc5 23. dxc5 Qc7 24. Re1 Bb7 25. Bf4 d4 26. Bd3 O-O 27. Qc1 Ra3 28. Bxh6 Rxd3 29. Bxg7 f5 30. Bxf8 Kxf8 31. Ng5 Qe7 32. h4 Rc3 33. Qd1 1-0


[Site "https://www.chess.com"]

[Event "Titled Tuesday Blitz August 02 Late 2022"]
[White "Nazari, Arad"]
[Black "Trakru, Rohun"]
[WhiteFideId "12577324"]
[BlackFideId "2097613"]
[WhiteElo "2129"]
[BlackElo "1746"]
[Result "1-0"]
[Round "04"]
[TimeControl "180+1"]
[Date "2022.08.02"]
[WhiteClock "0:00:04"]
[BlackClock "0:00:03"]

1. d4 d5 2. c4 e6 3. Nc3 c5 4. cxd5 cxd4 5. Qa4+ Bd7 6. Qxd4 exd5 7. Qxd5 Nf6 8. Qd1 Bc5 9. e3 Nc6 10. Nf3 O-O 11. Bc4 a6 12. O-O b5 13. Be2 Qe7 14. a3 Rfd8 15. b4 Bb6 16. Bb2 Rac8 17. Rc1 Be6 18. Qc2 h6 19. Rfd1 Rxd1+ 20. Qxd1 Rd8 21. Qc2 Nb8 22. Ne4 Nbd7 23. Nxf6+ Nxf6 24. h3 Nd5 25. Nd4 Rc8 26. Qd2 Rxc1+ 27. Qxc1 Bd7 28. Bf3 Qd6 29. Qc2 Ne7 30. Qe4 Nc8 31. Nf5 Bxf5 32. Qxf5 Ne7 33. Qe5 Qxe5 34. Bxe5 a5 35. Be2 axb4 36. axb4 Nd5 37. Bd6 Nc3 38. Bd3 f6 39. Kf1 Kf7 40. Ke1 Ke6 41. Bf8 Kf7 42. Bd6 Ke6 43. Bb8 Nd5 44. Bxb5 Nxb4 45. Bc4+ Ke7 46. Kd2 Nc6 47. Bh2 Bc5 48. Bd5 Nd8 49. Kd3 Ne6 50. Ke4 g6 51. h4 f5+ 52. Kd3 Ba7 53. Be5 Bb6 54. Kc4 Bc7 55. Bc3 Bd6 56. g3 Nc7 57. Bg8 g5 58. h5 Ne8 59. Kd5 Bb8 60. Kc6 Nf6 61. Bc4 Nxh5 62. Bd3 f4 63. exf4 gxf4 64. g4 Nf6 65. f3 Ba7 66. Bg6 Be3 67. Bf5 Ne8 68. Be5 Kf7 69. Kd7 Ng7 70. Be4 h5 71. g5 h4 72. g6+ Kg8 73. Bd5+ Kh8 74. Ke7 h3 75. Kf7 h2 76. Bxg7# 1-0


[Site "https://www.chess.com"]

[Event "Titled Tuesday Blitz August 02 Late 2022"]
[White "Ohanyan, Emin"]
[Black "Barp, Alberto"]
[WhiteFideId "13312022"]
[BlackFideId "872555"]
[WhiteElo "1927"]
[BlackElo "2229"]
[Result "0-1"]
[Round "04"]
[TimeControl "180+1"]
[Date "2022.08.02"]
[WhiteClock "0:00:45"]
[BlackClock "0:01:21"]

1. e4 e6 2. d4 d6 3. Bd3 Nf6 4. Nd2 Nc6 5. Ne2 Nb4 6. Bb5+ c6 7. Ba4 b5 8. Bb3 c5 9. c3 Nd3+ 10. Kf1 Bb7 11. Bc2 Nxc1 12. Rxc1 Rc8 13. Bd3 a6 14. f3 Be7 15. g3 O-O 16. Kg2 Qb6 17. Nf1 cxd4 18. cxd4 Rxc1 19. Qxc1 Rc8 20. Qd2 Nd7 21. Ne3 Bf6 22. Bb1 g6 23. h4 Bg7 24. h5 Nf6 25. hxg6 hxg6 26. g4 Qd8 27. Ng3 e5 28. d5 Nh7 29. Nc2 Qg5 30. Qxg5 Nxg5 31. Nb4 a5 32. Nd3 Bf6 33. Rc1 Rxc1 34. Nxc1 Bd8 35. Bd3 b4 36. Kf2 Nh3+ 37. Ke3 Bg5+ 38. Ke2 Bxc1 39. Kd1 Bxb2 40. Kc2 Bd4 41. Kb3 Nf2 42. Bc4 Nd1 43. Ka4 Nb2+ 44. Kxa5 Nxc4+ 45. Kxb4 Nd2 46. a4 Nxf3 47. a5 Ba6 48. Ne2 Bxe2 49. g5 Nd2 50. a6 Bxa6 51. Ka5 Bd3 52. Kb4 Bxe4 53. Ka4 Bxd5 54. Kb5 e4 55. Ka6 e3 56. Kb5 e2 57. Kb4 e1=Q 58. Ka3 Qa1+ 59. Kb4 Qc3+ 60. Ka4 Qb3+ 61. Ka5 Nc4+ 62. Ka6 Qb6# 0-1


[Site "https://www.chess.com"]

[Event "Titled Tuesday Blitz August 02 Late 2022"]
[White "Oparin, Grigoriy"]
[Black "Svane, Frederik"]
[WhiteFideId "24125890"]
[BlackFideId "12923044"]
[WhiteElo "2639"]
[BlackElo "2459"]
[Result "1-0"]
[Round "04"]
[TimeControl "180+1"]
[Date "2022.08.02"]
[WhiteClock "0:00:13"]
[BlackClock "0:00:08"]

1. e4 c5 2. Nf3 d6 3. d4 cxd4 4. Nxd4 Nf6 5. Nc3 a6 6. a4 e6 7. a5 Be7 8. Be3 O-O 9. Be2 Bd7 10. O-O Nc6 11. Nb3 Rc8 12. Kh1 Qc7 13. f4 Qb8 14. Bf3 Bd8 15. Qd2 Bc7 16. Ne2 Rfd8 17. Ng3 Be8 18. c4 d5 19. cxd5 exd5 20. e5 Ne4 21. Qe1 Nxg3+ 22. Qxg3 d4 23. Bd2 b6 24. Rac1 Nxa5 25. Bxa5 bxa5 26. Nc5 Bb6 27. Nd3 Bb5 28. Be4 g6 29. h4 Rxc1 30. Rxc1 Rc8 31. Re1 Bc6 32. e6 Bxe4 33. Rxe4 fxe6 34. Rxe6 Re8 35. Qg4 Qc8 36. f5 Rxe6 37. fxe6 Qe8 38. h5 Kg7 39. Ne5 Bc7 40. Nd7 Qe7 41. Qxd4+ Kh6 42. Qe3+ Kxh5 43. Qc5+ Qxc5 44. Nxc5 Bd6 45. Ne4 Be7 46. Nc3 Kg4 47. Nd5 Bc5 48. e7 Bxe7 49. Nxe7 Kf4 50. Nc6 Ke4 51. Nxa5 Kd4 52. Kh2 Kc5 53. Kg3 Kb4 54. Nb7 a5 55. Kf4 a4 56. Kg5 Kb3 57. Nc5+ Kxb2 58. Nxa4+ Kc2 59. g4 Kd3 60. Kh6 Ke4 61. g5 Kf4 62. Nc5 Kf5 63. Nd7 Kg4 64. Nf8 Kf5 65. Nxh7 1-0


[Site "https://www.chess.com"]

[Event "Titled Tuesday Blitz August 02 Late 2022"]
[White "Poltorak, Sebastian"]
[Black "Lobanov, Sergei"]
[WhiteFideId "1199498"]
[BlackFideId "24183750"]
[WhiteElo "2104"]
[BlackElo "2524"]
[Result "0-1"]
[Round "04"]
[TimeControl "180+1"]
[Date "2022.08.02"]
[WhiteClock "0:00:03"]
[BlackClock "0:00:04"]

1. e4 e5 2. Nc3 Nf6 3. g3 Bc5 4. Bg2 a5 5. Nge2 d6 6. O-O h5 7. h3 Nc6 8. d3 h4 9. g4 Nh7 10. Kh2 Be6 11. f4 f6 12. f5 Bf7 13. Ng1 Qd7 14. Nce2 O-O-O 15. Nf3 d5 16. Nd2 Ng5 17. Nc3 Ne7 18. Nb3 Bb4 19. Bxg5 fxg5 20. a3 Bxc3 21. bxc3 dxe4 22. Bxe4 Bd5 23. Nd2 Ng8 24. Qb1 Nf6 25. Re1 Qc6 26. c4 Bxe4 27. Nxe4 Rd4 28. Nxf6 gxf6 29. Qb5 Qxb5 30. cxb5 a4 31. Rab1 Rhd8 32. Kg2 R8d5 33. Kf3 Rc5 34. Rb2 Rc3 35. Ra1 Kd7 36. Ke3 Rf4 37. Kd2 Rc5 38. Ke3 Kd6 39. c4 e4 40. Rd1 exd3 41. Rxd3+ Ke5 42. Rbd2 Rfxc4 43. Rd7 Re4+ 44. Kf2 Kf4 45. R7d3 Rxb5 46. Rf3+ Ke5 47. Rc3 c6 48. Rdd3 Rd5 49. Kf3 Rf4+ 50. Ke3 Re4+ 51. Kf3 Rxd3+ 52. Rxd3 Rc4 53. Rd7 Rc3+ 54. Ke2 Rxh3 55. Rxb7 Rxa3 56. Rd7 h3 57. Rh7 h2 0-1


[Site "https://www.chess.com"]

[Event "Titled Tuesday Blitz August 02 Late 2022"]
[White "Riehle, Marco"]
[Black "Saydaliev, Saidakbar"]
[WhiteFideId "12904392"]
[BlackFideId "14203693"]
[WhiteElo "2462"]
[BlackElo "2265"]
[Result "1-0"]
[Round "04"]
[TimeControl "180+1"]
[Date "2022.08.02"]
[WhiteClock "0:01:05"]
[BlackClock "0:00:42"]

1. e4 e5 2. Nf3 Nc6 3. Bc4 Nf6 4. d4 exd4 5. O-O Nxe4 6. Nc3 dxc3 7. Bxf7+ Kxf7 8. Qd5+ Ke8 9. Re1 Be7 10. Rxe4 Kf8 11. Bg5 d6 12. Rae1 Bf6 13. Rf4 cxb2 14. Bxf6 gxf6 15. Qg5 Kf7 16. Qh6 Qe7 17. Rxe7+ 1-0


[Site "https://www.chess.com"]

[Event "Titled Tuesday Blitz August 02 Late 2022"]
[White "Rustemov, Alexander"]
[Black "Taboas Rodriguez, Daniel"]
[WhiteFideId "4119002"]
[BlackFideId "2208466"]
[WhiteElo "2769"]
[BlackElo "2429"]
[Result "1-0"]
[Round "04"]
[TimeControl "180+1"]
[Date "2022.08.02"]
[WhiteClock "0:01:08"]
[BlackClock "0:00:02"]

1. d4 Nf6 2. c4 g6 3. Nf3 Bg7 4. g3 b6 5. Bg2 Bb7 6. O-O O-O 7. d5 Na6 8. Nc3 Nc5 9. Nd4 e5 10. Nb3 d6 11. e4 Nfd7 12. Be3 f5 13. Nxc5 Nxc5 14. Qd2 Bc8 15. Rae1 Ba6 16. b3 f4 17. Bxc5 bxc5 18. Bh3 Bc8 19. Bxc8 Qxc8 20. f3 h5 21. Kg2 Bh6 22. Qe2 Kh7 23. Rg1 Qd7 24. Kh1 fxg3 25. hxg3 Rf6 26. Kg2 Raf8 27. Ref1 Qf7 28. Rh1 a6 29. Rf2 Kg7 30. Nd1 Bg5 31. Nb2 Rh8 32. Nd3 h4 33. Rff1 hxg3 34. Rxh8 Kxh8 35. Rh1+ Kg8 36. Kxg3 Bf4+ 37. Kg2 g5 38. Nf2 Qg7 39. Ng4 Rf7 40. Nh6+ Kf8 41. Nxf7 Kxf7 42. Kf1 Ke7 43. Qg2 Qf6 44. Qh3 Be3 45. Qh7+ Kd8 46. Qh8+ 1-0


[Site "https://www.chess.com"]

[Event "Titled Tuesday Blitz August 02 Late 2022"]
[White "Salem, A.R. Saleh"]
[Black "Djordjevic, Vuk"]
[WhiteFideId "9301348"]
[BlackFideId "902098"]
[WhiteElo "2679"]
[BlackElo "2456"]
[Result "1/2-1/2"]
[Round "04"]
[TimeControl "180+1"]
[Date "2022.08.02"]
[WhiteClock "0:00:09"]
[BlackClock "0:00:05"]

1. d4 Nf6 2. c4 e6 3. Nf3 b6 4. a3 Bb7 5. Nc3 d5 6. cxd5 exd5 7. Qc2 a6 8. Bg5 Bd6 9. e3 Nbd7 10. Bd3 h6 11. Bh4 O-O 12. Bf5 Qe8 13. O-O Ne4 14. Nxe4 dxe4 15. Nd2 g5 16. Bg3 Nf6 17. Bxd6 cxd6 18. Qc7 Qc6 19. Rac1 Qxc7 20. Rxc7 Bd5 21. Rfc1 b5 22. f3 Rfe8 23. Kf2 Kf8 24. Nb1 exf3 25. gxf3 Bc4 26. Nd2 Be6 27. Bxe6 Rxe6 28. e4 d5 29. e5 Nh5 30. Rb7 Re7 31. Rb6 Re6 32. Rb7 Re7 33. Rxe7 Kxe7 34. Rc6 Nf4 35. Ke3 Ne6 36. Nb3 h5 37. Na5 g4 38. Rb6 gxf3 39. Rb7+ Kf8 40. Nc6 Rc8 41. Ne7 Rc2 42. Nf5 Kg8 43. Kxf3 Rxb2 44. Kg3 Rb3+ 45. Kh4 Rxa3 46. Nh6+ Kg7 47. Nxf7 Kg6 48. Nh8+ Kf5 49. Nf7 Nxd4 50. Rb6 Nf3+ 51. Kxh5 Nxe5 52. Ng5 Ra2 53. h4 d4 54. Rb8 Kf4 55. Rf8+ Kg3 56. Re8 Nc4 57. Rd8 d3 58. Rxd3+ Kf4 59. Rf3+ Ke5 60. Kg6 Kd4 61. Rf4+ Kd5 62. h5 Ne5+ 63. Kg7 Rg2 64. Rf5 Kd6 65. h6 Nf3 66. Rf6+ Ke5 67. Rxf3 Rxg5+ 68. Kf7 Kd5 69. h7 Rh5 70. Kg6 Rxh7 71. Kxh7 b4 72. Rf6 b3 73. Rxa6 Kc4 74. Kg6 b2 75. Rb6 Kc3 76. Kf5 Kc2 77. Ke4 b1=Q 78. Rxb1 Kxb1 1/2-1/2


[Site "https://www.chess.com"]

[Event "Titled Tuesday Blitz August 02 Late 2022"]
[White "Sarana, Alexey"]
[Black "Drygalov, Sergey"]
[WhiteFideId "24133795"]
[BlackFideId "24171743"]
[WhiteElo "2666"]
[BlackElo "2523"]
[Result "1/2-1/2"]
[Round "04"]
[TimeControl "180+1"]
[Date "2022.08.02"]
[WhiteClock "0:00:03"]
[BlackClock "0:00:04"]

1. c4 Nf6 2. Nc3 c5 3. Nf3 Nc6 4. d4 cxd4 5. Nxd4 e6 6. Ndb5 Bc5 7. Bf4 e5 8. Bg5 O-O 9. e3 h6 10. Bxf6 Qxf6 11. Nc7 Rb8 12. N7d5 Qd8 13. a3 a5 14. Ne4 d6 15. g4 Qh4 16. Rg1 f5 17. Nxc5 dxc5 18. gxf5 Bxf5 19. Qf3 Qxh2 20. Rh1 e4 21. Rxh2 exf3 22. Rd1 Rbd8 23. Rh4 Kh7 24. Rf4 Bg6 25. Rd2 Ne5 26. Rxf8 Rxf8 27. Nf4 Bf7 28. Nd5 Rd8 29. Nf6+ gxf6 30. Rxd8 Kg6 31. b3 h5 32. Kd2 Be6 33. e4 h4 34. Ke3 h3 35. Rh8 h2 36. Kf4 Ng4 37. Kg3 Kg5 38. Bd3 Ne5 39. Bf1 Ng4 40. Rh7 Kg6 41. Rh4 Kg5 42. a4 Nxf2 43. Rxh2 Nxe4+ 44. Kxf3 Nd6 45. Ke3 Nf5+ 46. Kd2 Nd4 47. Kc3 f5 48. Bd3 f4 49. Rg2+ Bg4 50. Kd2 f3 51. Rg1 Kf4 52. Rh1 Kg3 53. Rh7 b6 54. Rf7 Nxb3+ 55. Ke3 Nd4 56. Be4 Be6 57. Rg7+ Bg4 58. Rf7 Be6 59. Rf6 Bg4 60. Rf8 Bh5 61. Rg8+ Bg4 62. Rf8 Bh5 63. Bd5 Nc2+ 64. Kd2 Nd4 65. Ke3 Bg4 66. Be4 1/2-1/2


[Site "https://www.chess.com"]

[Event "Titled Tuesday Blitz August 02 Late 2022"]
[White "Shapiro, David"]
[Black "Swiercz, Dariusz"]
[WhiteFideId "24133523"]
[BlackFideId "1126881"]
[WhiteElo "2300"]
[BlackElo "2627"]
[Result "0-1"]
[Round "04"]
[TimeControl "180+1"]
[Date "2022.08.02"]
[WhiteClock "0:00:43"]
[BlackClock "0:01:47"]

1. e4 Nc6 2. d4 e5 3. d5 Nce7 4. c4 Ng6 5. Nc3 Bb4 6. Bd2 Nf6 7. g3 Bxc3 8. Bxc3 Nxe4 9. Qc2 Nxc3 10. Qxc3 d6 11. h4 h6 12. h5 Ne7 13. f4 f6 14. fxe5 fxe5 15. Bd3 O-O 16. O-O-O Bf5 17. Ne2 Qd7 18. Rhf1 Bxd3 19. Qxd3 Qg4 20. Nc3 Nf5 21. Nb5 Rf7 22. Nxc7 Rxc7 23. Rxf5 Rxc4+ 24. Kb1 Rd4 0-1


[Site "https://www.chess.com"]

[Event "Titled Tuesday Blitz August 02 Late 2022"]
[White "Shimanov, Aleksandr"]
[Black "Nakamura, Hikaru"]
[WhiteFideId "4198603"]
[BlackFideId "2016192"]
[WhiteElo "2605"]
[BlackElo "2850"]
[Result "0-1"]
[Round "04"]
[TimeControl "180+1"]
[Date "2022.08.02"]
[WhiteClock "0:00:02"]
[BlackClock "0:00:15"]

1. e4 c6 2. Nf3 d5 3. exd5 cxd5 4. Ne5 a6 5. d4 Nc6 6. c3 Bf5 7. Bf4 e6 8. Nd2 Bd6 9. Bg3 Nge7 10. Be2 O-O 11. Nxc6 bxc6 12. Nb3 f6 13. Bxd6 Qxd6 14. O-O e5 15. Nc5 a5 16. Qd2 Ng6 17. Rfe1 Nf4 18. Bf1 e4 19. c4 h5 20. cxd5 cxd5 21. Rac1 Rfb8 22. Rc3 h4 23. b3 Ra7 24. Rec1 Kh7 25. Na4 Ne6 26. Rc6 Qb4 27. Rd1 h3 28. Qe2 Ng5 29. Nc3 Rd8 30. Rc5 Rad7 31. Qe3 Bg4 32. Rd2 Ne6 33. f3 Nxc5 34. fxg4 hxg2 35. Bxg2 Ne6 36. h4 Kg8 37. Ne2 Rc7 38. Ng3 Qd6 39. Nf5 Qf4 40. Qe1 Qxg4 41. Rf2 Nf4 42. Qe3 Nxg2 43. Rxg2 Qxf5 0-1


[Site "https://www.chess.com"]

[Event "Titled Tuesday Blitz August 02 Late 2022"]
[White "Solon, Nathan"]
[Black "Awatramani, Janak"]
[WhiteFideId "2017229"]
[BlackFideId "2608359"]
[WhiteElo "2682"]
[BlackElo "2755"]
[Result "0-1"]
[Round "04"]
[TimeControl "180+1"]
[Date "2022.08.02"]
[WhiteClock "0:00:11"]
[BlackClock "0:00:58"]

1. e4 e6 2. d3 c5 3. Nf3 d5 4. Qe2 Nc6 5. g3 Nf6 6. Bg2 Be7 7. O-O O-O 8. e5 Nd7 9. c4 d4 10. Re1 Qc7 11. Nbd2 a6 12. Nf1 b5 13. b3 Bb7 14. Bf4 bxc4 15. bxc4 a5 16. h4 Rab8 17. h5 a4 18. h6 g6 19. a3 Na5 20. N1h2 Bc6 21. Bg5 Bxg5 22. Nxg5 Bxg2 23. Kxg2 Qc6+ 24. Kh3 Rb3 25. Ng4 Qc7 26. Qf3 Qd8 27. Ne4 Kh8 28. Nef6 Nxf6 29. Nxf6 Nxc4 30. Nd7 Nxa3 31. Nxf8 Qxf8 32. Rec1 Qxh6+ 33. Kg2 Qf8 34. Qf6+ Kg8 35. Ra2 Rxd3 36. Rca1 c4 37. Rxa3 Rxa3 38. Rxa3 Qxa3 39. Qd8+ Qf8 40. Qxd4 Qa8+ 41. Kh2 a3 0-1


[Site "https://www.chess.com"]

[Event "Titled Tuesday Blitz August 02 Late 2022"]
[White "Sorkin, Igor"]
[Black "Nazaretyan, Tigran"]
[WhiteFideId "2803283"]
[BlackFideId "24162345"]
[WhiteElo "2401"]
[BlackElo "2179"]
[Result "0-1"]
[Round "04"]
[TimeControl "180+1"]
[Date "2022.08.02"]
[WhiteClock "0:00:11"]
[BlackClock "0:01:34"]

1. d4 Nf6 2. Nf3 g6 3. c4 Bg7 4. Nc3 O-O 5. e4 d6 6. Be2 e5 7. O-O Nc6 8. d5 Ne7 9. Nd2 c5 10. a3 Nd7 11. b4 f5 12. Rb1 b6 13. a4 a5 14. bxc5 bxc5 15. Bd3 Nf6 16. Qb3 fxe4 17. Ndxe4 Nf5 18. Qb6 Qe7 19. Ba3 Bd7 20. Rfe1 Bh6 21. Nxc5 dxc5 22. Bxc5 Qf7 23. Bxf8 Rxf8 24. Rxe5 Ng4 25. Re2 Nfe3 26. Ne4 Nxg2 27. Ng3 Nf4 28. Rd2 0-1


[Site "https://www.chess.com"]

[Event "Titled Tuesday Blitz August 02 Late 2022"]
[White "Souleidis, Georgios"]
[Black "Clarke, Brandon G I"]
[WhiteFideId "4206827"]
[BlackFideId "400319"]
[WhiteElo "2401"]
[BlackElo "2414"]
[Result "0-1"]
[Round "04"]
[TimeControl "180+1"]
[Date "2022.08.02"]
[WhiteClock "0:01:47"]
[BlackClock "0:01:34"]

1. e4 c5 2. Be2 Nc6 3. d3 g6 4. f4 Bg7 5. Nf3 d6 6. O-O e6 7. c3 Nge7 8. Be3 O-O 9. d4 b6 10. a3 Bb7 11. b4 Qc7 12. Nbd2 Rad8 13. Rc1 h6 14. Bd3 f5 15. e5 dxe5 16. fxe5 Nxe5 17. Nxe5 Bxe5 18. Bxh6 Bxh2+ 19. Kh1 Rf7 20. Qe2 Bd5 21. Nf3 Rh7 22. Nxh2 Rxh6 23. Qe5 Qxe5 24. dxe5 Bxg2+ 25. Kxg2 Rxd3 26. bxc5 Rd2+ 27. Rf2 Rxf2+ 28. Kxf2 Rxh2+ 29. Kg3 Ra2 30. cxb6 0-1


[Site "https://www.chess.com"]